 Dungeon Crawl Stone Soup version 0.30-a0-743-gbfdf073431 (webtiles) character file.

Game seed: 10020243855165739163

3637 jimonade the Magician (level 10, -9/70 HPs)
             Began as a Djinni Hedge Wizard on Feb 7, 2023.
             Was a Believer of Ashenzari.
             Killed from afar by an acid dragon (28 damage)
             ... with a splash of acid
             ... on level 8 of the Dungeon.
             The game lasted 00:22:33 (9597 turns).

jimonade the Magician (Djinni Hedge Wizard)         Turns: 9597, Time: 00:22:33

Health: -9/70      AC:  4    Str: 11    XL:     10   Next: 33%
Gold:   443        EV: 11    Int: 17    God:    Ashenzari [**....] SH:  0 Dex: 14

rFire   + + +      SeeInvis +    a - +5 scythe "Finisher" {speed, eviscerate, Self, Range} (curse)
rCold   x . .      Faith    .    (shield currently unavailable)
rNeg    + . .      Spirit   .    I - +2 ring mail {rF+}
rPois   ∞          Reflect  .    v - +0 helmet "Ruined Sybil" {Melee, Self} (curse)
rElec   .          Harm     .    c - +1 cloak
rCorr   .          Rampage  .    J - +0 pair of gloves
Will    +....                    (boots unavailable)
Stlth   +                        (no amulet)
HPRegen 0.31/turn                g - ring of wizardry
MPRegen 0.00/turn                H - ring of positive energy

@: corroded, flying
A: sickness immunity, fire resistance 2, cold vulnerability 1, float, innate
caster, HP casting, extra vitality 1
a: Renounce Religion, Curse Item, Shatter the Chains


You were on level 8 of the Dungeon.
You worshipped Ashenzari.
Ashenzari was pleased with you.
You visited 2 branches of the dungeon, and saw 9 of its levels.

You collected 443 gold pieces.

Inventory:

Hand Weapons
 a - the cursed +5 scythe "Finisher" (weapon) {speed, eviscerate, Self, Range}
   (You found it on level 4 of the Dungeon)

   It has a curse which improves the following skills: Introspection: Fighting
   and Spellcasting.
   Ranged Combat: Ranged Weapons and Throwing.
 B - a +1 vampiric trident
Missiles
 e - a curare-tipped dart
 m - 16 poisoned darts
Armour
 c - a +1 cloak (worn)
 p - a +0 leather armour
 v - the cursed +0 helmet "Ruined Sybil" (worn) {Melee, Self}
   (You took it off Robin on level 3 of the Dungeon)

   It has a curse which improves the following skills: Melee Combat: Short
   Blades, Long Blades, Axes, Maces & Flails, Polearms, Staves and Unarmed
   Combat.
   Introspection: Fighting and Spellcasting.
 D - a +0 kite shield
 F - a +0 scale mail
 I - a +2 ring mail of fire resistance (worn)
 J - a +0 pair of gloves (worn)
Jewellery
 d - a ring of ice
 g - a ring of wizardry (left hand)
 E - an amulet of reflection
 H - a ring of positive energy (right hand)
Wands
 b - a wand of polymorph (4)
 y - a wand of iceblast (7)
Scrolls
 f - 3 scrolls of poison
 h - 10 scrolls of identify
 i - a scroll of magic mapping
 k - a scroll of butterflies
 l - a scroll of enchant weapon
 n - 5 scrolls of teleportation
 r - 4 scrolls of enchant armour
 u - 2 scrolls of blinking
 C - 2 scrolls of fear
Potions
 j - 5 potions of resistance
 o - 6 potions of curing
 q - 2 potions of brilliance
 s - 2 potions of lignification
 t - a potion of attraction
 w - 6 potions of heal wounds
 x - a potion of cancellation
 z - 3 potions of berserk rage
 A - 2 potions of mutation


   Skills:
 + Level 3.4(5.1) Fighting
 - Level 0.5(1.1) Short Blades
 + Level 6.1(7.4) Polearms
 + Level 4.9 Armour
 + Level 4.0 Dodging
 - Level 1.5 Stealth
 * Level 7.9(9.9) Spellcasting


You had 9 spell levels left.
You knew the following spells:

 Your Spells              Type           Power      Damage    Failure   Level
a - Magic Dart            Conj           100%       1d8       1%          1
b - Slow                  Hex            100%       N/A       1%          1
c - Blink                 Tloc           84%        N/A       1%          2
d - Call Imp              Summ           42%        N/A       1%          2
e - Mephitic Cloud        Conj/Pois/Air  42%        N/A       1%          3
f - Shock                 Conj/Air       100%       1d9       1%          1
g - Wereblood             Tmut           42%        N/A       1%          2
h - Summon Guardian Gole  Hex/Summ       42%        N/A       1%          3
i - Sticky Flame          Conj/Fire      42%        2d6       1%          4
Your spell library was empty.

Dungeon Overview and Level Annotations

Branches:
Dungeon (8/15)             Temple (1/1) D:5
   Lair: D:8-11

Altars:
Ashenzari
Cheibriados
Dithmenos
Elyvilon
Fedhas
Hepliaklqana
Okawaru
Qazlal
Ru
Trog
Uskayaw
Wu Jian
Xom
Yredelemnul
Zin
The Shining One

Shops:
D:2 (


Innate Abilities, Weirdness & Mutations

You are immune to sickness and miasma.
You are immune to poison.
Your flesh is very heat resistant. (rF++)
You are vulnerable to cold. (rC-)
You float through the air rather than walking.
You learn spells naturally, not from books.
Your magical power is your life essence.
You have superior vitality. (+4 MHP)


Message History

Found a +0 robe.
There is an escape hatch in the ceiling here.
You now have 443 gold pieces (gained 14).
Found 2 boomerangs.
x - a potion of cancellation
E - an amulet of reflection An acid dragon comes into view.
The acid dragon roars!
The acid dragon spits acid at you. The splash of acid hits you!!
The acid corrodes you!
Casting: Call Imp (safe; 1% risk of failure)
Confirm with . or Enter, or press ? or * to list all spells.
A beastly little devil appears in a puff of flame.
Your crimson imp closely misses the acid dragon.
The acid dragon spits acid at you.
The splash of acid hits your crimson imp!!
The acid corrodes your crimson imp!
Your crimson imp dies!
Your crimson imp disappears in a puff of smoke!
Casting: Call Imp (safe; 1% risk of failure)
Confirm with . or Enter, or press ? or * to list all spells.
A beastly little devil appears in a puff of flame.
The acid dragon spits acid at you. The splash of acid hits you!
* * * LOW HITPOINT WARNING * * *
The acid corrodes you!
Your crimson imp blinks!
Your crimson imp hits the acid dragon but does no damage.
The acid dragon misses your crimson imp.
The acid dragon closely misses your crimson imp.
Your crimson imp blinks!
Casting: Call Imp (safe; 1% risk of failure)
Confirm with . or Enter, or press ? or * to list all spells.
A beastly little devil appears in a puff of flame.
* * * LOW HITPOINT WARNING * * *
You swap places.
The acid dragon spits acid at you.
The splash of acid misses your crimson imp.
The splash of acid hits you!!
You die...

*
#.#
#.#
, *
#D#
#.#
*
#.#
#5#
,
#.#
,
#.#
*
#@#
*
#.#
,
#.#
,
#.#
,
#.#
* ,
#.#
*
#.#
*
#.#
#.#


You could see an acid dragon (catching breath, ally target) and a friendly
crimson imp (summoned).

Vanquished Creatures
  Maurice (D:8)
  Prince Ribbit (D:6)
  A wyvern (D:8)
  An acid dragon (D:8)
  A water moccasin (D:7)
  Duvessa (D:7)
  4 ice beasts
  2 ogres
  A centaur (D:7)
  A phantom (D:5)
  A kobold brigand (D:6)
  2 bullfrogs (D:7)
  4 necrophages
  2 scorpions
  6 wights (D:7)
  Dowan (D:7)
  2 jellies
  2 orc priests
  6 iguanas
  3 adders
  6 gnolls
  2 shadow imps
  A white imp (D:6)
  A worm (D:5)
  2 dart slugs
  16 orcs
  13 endoplasms
  2 giant cockroaches (D:3)
  9 goblins
  8 hobgoblins
  3 jackals (D:2)
  13 kobolds
  A quokka (D:5)
  9 ball pythons
  6 bats
  2 frilled lizards
  2 rats (D:1)
139 creatures vanquished.

Vanquished Creatures (collateral kills)
  A bullfrog (D:7)
  A necrophage (D:5)
  2 scorpions
  A hound (D:5)
  A jelly (D:6)
  Terence (D:2)
  2 iguanas
  Robin (D:3)
  A gnoll (D:4)
  An adder (D:2)
  An ufetubus (D:3)
  A worm (D:2)
  5 orcs
  3 bats (D:3)
  An endoplasm (D:4)
  2 giant cockroaches
  7 goblins (D:3)
  5 hobgoblins (D:3)
  3 jackals (D:2)
  5 kobolds
  3 ball pythons
48 creatures vanquished.

Vanquished Creatures (others)
  2 wights (D:7)
  4 plants (D:1)
6 creatures vanquished.

Grand Total: 193 creatures vanquished

Notes
Turn   | Place    | Note
-------+----------+-------------------------------------------
     0 | D:1      | jimonade the Djinni Hedge Wizard began the quest for the
                  | Orb.
     0 | D:1      | jimonade set off with the following spells memorised: Magic
                  | Dart, Slow, Blink, Call Imp, Mephitic Cloud.
     0 | D:1      | Reached XP level 1. HP: 15/15 MP: 0/0
   156 | D:1      | Reached XP level 2. HP: 20/21 MP: 0/0
   318 | D:1      | Reached skill level 3 in Spellcasting
   387 | D:1      | Reached XP level 3. HP: 21/25 MP: 0/0
   387 | D:1      | Learned a level 1 spell: Shock
  1079 | D:2      | Reached XP level 4. HP: 9/31 MP: 0/0
  1312 | D:2      | Noticed Terence
  1603 | D:2      | Reached skill level 4 in Spellcasting
  1765 | D:2      | Reached XP level 5. HP: 33/35 MP: 0/0
  1765 | D:2      | Learned a level 2 spell: Wereblood
  1953 | D:2      | Found Punoel's Weapon Boutique.
  2122 | D:2      | Killed Terence
  2515 | D:3      | Found a faded altar of an unknown god.
  2827 | D:3      | Reached XP level 6. HP: 35/40 MP: 0/0
  2901 | D:3      | Noticed Robin
  2943 | D:3      | Killed Robin
  3386 | D:3      | Reached skill level 5 in Spellcasting
  3970 | D:4      | Found the +5 scythe "Finisher" {speed, eviscerate}
  4097 | D:4      | Reached XP level 7. HP: 45/46 MP: 0/0
  4097 | D:4      | Learned a level 3 spell: Summon Guardian Golem
  4376 | D:4      | Reached skill level 1 in Armour
  5044 | D:5      | Entered Level 5 of the Dungeon
  5120 | D:5      | Reached skill level 1 in Polearms
  5242 | D:5      | Found a staircase to the Ecumenical Temple.
  5252 | Temple   | Entered the Ecumenical Temple
  5286 | Temple   | Became a worshipper of Ashenzari the Shackled
  5410 | D:5      | Reached skill level 1 in Fighting
  5637 | D:5      | Reached skill level 6 in Spellcasting
  5637 | D:5      | Reached XP level 8. HP: 52/52 MP: 0/0
  6195 | D:5      | Found a glowing golden altar of the Shining One.
  6234 | D:5      | Reached * piety under Ashenzari
  6647 | D:6      | Noticed Prince Ribbit
  6652 | D:6      | Killed Prince Ribbit
  6682 | D:5      | Reached XP level 9. HP: 27/59 MP: 0/0
  6682 | D:5      | Learned a level 4 spell: Sticky Flame
  7178 | D:6      | Reached ** piety under Ashenzari
  7540 | D:6      | Reached skill level 7 in Spellcasting
  8126 | D:7      | Reached skill level 5 in Polearms
  8238 | D:7      | Noticed Dowan
  8243 | D:7      | Killed Dowan
  8243 | D:7      | Noticed Duvessa
  8245 | D:7      | Killed Duvessa
  8279 | D:7      | Reached XP level 10. HP: 38/69 MP: 0/0
  9180 | D:8      | Noticed Maurice
  9217 | D:8      | Killed Maurice
  9597 | D:8      | Killed from afar by an acid dragon

Illustrated notes

Levels and vault maps discovered:
D:1:      lightli_arrival_windingriver, layout_rooms, st_stairs_11,
          minmay_pentomino_q4
D:2:      layout_basic, serial_shops, nicolae_shop_hallway_stairs, st_stairs_2,
          uniq_terence
D:3:      minmay_diamond_boxcup, layout_basic, basic_ecumenical_altar,
          uniq_robin
D:4:      layout_loops_corners, chequers_ossuary_entry_cave, serial_park_tiny_1,
          mrwooster_statue_mirror
D:5:      kb_forest_paths, layout_basic, mainiacjoe_overflow_six_doors_small,
          minmay_temple_entry_mist, corexii_corridor_pit, minivault_19
D:6:      layout_gridville, uniq_prince_ribbit1
D:7:      layout_rooms, kennysheep_generic_room_11, uniq_duvessa
D:8:      layout_basic, uniq_erica, uniq_maurice
Temple:   compressed_dpeg_circular_temple

Skill      XL: |  1  2  3  4  5  6  7  8  9 10 |
---------------+-------------------------------+-----
Spellcasting   | 3 4 5 6 7 |  7.9
Armour         | 2 3 4 |  4.9
Polearms       | 1 3 5 6 |  6.1
Dodging        | 3 4 |  4.0
Fighting       | 1 2 3 |  3.4
Short Blades   | |  0.5
Stealth        | |  1.5

Action                     |  1- 3 |  4- 6 |  7- 9 | 10-12 || total
---------------------------+-------+-------+-------+-------++-------
  Melee: Dagger            |     3 |    92 |       |       ||    95
         Punch             |       |     3 |       |       ||     3
         Scythe            |       |     7 |   168 |    21 ||   196
   Cast: Magic Dart        |    89 |    33 |     1 |       ||   123
         Call Imp          |     3 |    40 |    40 |     9 ||    92
         Mephitic Cloud    |     2 |    13 |    12 |       ||    27
         Slow              |       |     6 |       |       ||     6
         Summon Guardian G |       |       |     2 |     1 ||     3
         Wereblood         |       |       |     2 |       ||     2
 Invoke: Curse Item        |       |       |     2 |       ||     2
   Stab: Confused          |       |     9 |     4 |       ||    13
         Distracted        |       |     1 |     1 |       ||     2
         Sleeping          |       |       |     1 |       ||     1
 Armour: Robe              |    11 |     8 |       |       ||    19
         Leather armour    |       |     9 |    13 |       ||    22
         Ring mail         |       |       |    13 |     4 ||    17
  Dodge: Dodged            |    56 |    75 |    89 |     9 ||   229

Table legend: (Time is in decaauts)
 A = Elapsed time spent in this place.
 B = Non-inter-level travel time spent in this place.
 C = Inter-level travel time spent in this place.
 D = Time resting spent in this place.
 E = Time spent auto-exploring this place.
 F = Levels seen in this place.
 G = Mean time per level.
                   A        B        C        D        E       F      G
               +--------+--------+--------+--------+--------+-----+--------+
         Total |   9640 |   9019 |    621 |   1011 |   6230 |   9 | 1071.1 |
       Dungeon |   9515 |   8927 |    588 |   1011 |   6162 |   8 | 1189.4 |
        Temple |    125 |     92 |     33 |      0 |     68 |   1 |  125.0 |
               +--------+--------+--------+--------+--------+-----+--------+

Top non-repeatable levels by time:
     D:3: 1674 daAuts
     D:5: 1447 daAuts
     D:1: 1433 daAuts
     D:6: 1270 daAuts
     D:4: 1135 daAuts
     D:7: 1070 daAuts
     D:2: 995 daAuts
     D:8: 488 daAuts
  Temple: 125 daAuts
